 Dungeon Crawl Stone Soup version 0.26.1-11-gd32895ea62 (webtiles) character file.

Game seed: 16053910435948959031

584 Zeld the Cleaver (level 7, 0/57 HPs)
             Began as a Minotaur Berserker on May 23, 2021.
             Was a Believer of Trog.
             Slain by a white imp (1 damage)
             ... on level 5 of the Dungeon.
             The game lasted 00:03:28 (7231 turns).

Zeld the Cleaver (Minotaur Berserker)               Turns: 7231, Time: 00:03:29

Health: 0/57       AC:  1    Str: 23    XL:     7   Next: 14%
Magic:  6/6        EV: 12    Int:  4    God:    Trog [**....]
Gold:   244        SH:  0    Dex: 10    Spells: 6/6 levels left

rFire    . . .     SeeInvis .   a - +0 hand axe
rCold    . . .     Faith    .   (no shield)
rNeg     . . .     Spirit   .   (no armour)
rPois    .         Reflect  .   r - +1 hat
rElec    .         Harm     .   (no cloak)
rCorr    .         Rampage  .   (no gloves)
Will     .....                  (no boots)
Stlth    +.........             (no amulet)
HPRegen  0.19/turn              (no ring)
MPRegen  0.10/turn              (no ring)

@: berserk cooldown, slowed, very slow
A: retaliatory headbutt, horns 2
a: Renounce Religion, Berserk, Trog's Hand


You were on level 5 of the Dungeon.
You worshipped Trog.
Trog was pleased with you.
You visited 1 branch of the dungeon, and saw 5 of its levels.

You collected 244 gold pieces.

Inventory:

Hand Weapons
 a - a +0 hand axe (weapon)
Armour
 r - a +1 hat (worn)
Jewellery
 h - a +4 ring of protection {unknown}
Wands
 o - a wand of acid (7)
Scrolls
 b - 6 scrolls of teleportation {unknown}
 e - 5 scrolls of remove curse {unknown}
 f - a scroll of random uselessness {unknown}
 i - 3 scrolls of identify {unknown}
 j - 2 scrolls of noise {unknown}
 k - 2 scrolls of magic mapping {unknown}
 m - a scroll of blinking {unknown}
 n - 2 scrolls of fear {unknown}
 p - a scroll of enchant weapon {unknown}
 s - a scroll of fog {unknown}
Potions
 c - 3 potions of mutation {unknown}
 d - 5 potions of curing {unknown}
 g - 2 potions of haste {unknown}
 l - 2 potions of heal wounds {unknown}
 q - a potion of flight {unknown}
 t - a potion of cancellation {unknown}
 u - a potion of resistance {unknown}


   Skills:
 - Level 3.6 Fighting
 * Level 9.9 Axes
 - Level 2.4 Armour
 - Level 2.1 Dodging


You had 6 spell levels left.
You didn't know any spells.
Your spell library was empty.

Dungeon Overview and Level Annotations

Branches:
Dungeon (5/15)
 Temple: D:4-7

Altars:
Ashenzari
Cheibriados
Gozag
Kikubaaqudgha
Ru
Vehumet


Innate Abilities, Weirdness & Mutations

You reflexively headbutt those who attack you in melee.
You have a pair of horns on your head.


Message History

The white imp closely misses you.
You hit the white imp but do no damage. The white imp gestures at you.
The puff of frost hits you.
You closely miss the white imp. The white imp hits you.
* * * LOW HITPOINT WARNING * * *
The white imp freezes you.
* * * LOW HITPOINT WARNING * * *
You hit the white imp.
The white imp is heavily wounded.
The white imp picks up a beetle and eats it.
The white imp hits you.
* * * LOW HITPOINT WARNING * * *
The white imp freezes you.
* * * LOW HITPOINT WARNING * * *
You barely miss the white imp. You headbutt the white imp.
The white imp is severely wounded.
The white imp lashes its tail.
The white imp hits you.
You die...

.##)....# #..#
.##..:..# #..##
.†......####...###.####
........+..............
........###....###.###.
.....#### #.........#
.....# #...##.##.#
###### ##'.#.5.#
#..#.@.# ...#...#
....#._.# .....#...#
#...# #...# #####


You could see a white imp.

Vanquished Creatures
  A phantom (D:4)
  3 scorpions (D:4)
  A howler monkey (D:5)
  A hound (D:3)
  A jelly (D:5)
  Natasha (thrice) (D:4)
  A statue (D:5)
  A hound skeleton (D:4)
  A worker ant zombie (D:5)
  2 adders
  2 oozes
  5 worms
  3 dart slugs
  5 leopard geckos
  3 orcs
  7 bats
  4 giant cockroaches
  8 goblins
  6 hobgoblins
  8 jackals
  2 quokkas (D:5)
  A ball python (D:4)
  A frilled lizard (D:2)
  A giant cockroach zombie (D:5)
  A jackal skeleton (D:4)
  4 kobolds
  A quokka skeleton (D:4)
  6 rats (D:1)
83 creatures vanquished.

Notes
Turn   | Place    | Note
-------+----------+-------------------------------------------
     0 | D:1      | Zeld the Minotaur Berserker began the quest for the Orb.
     0 | D:1      | Reached XP level 1. HP: 19/19 MP: 0/0
    85 | D:1      | Reached skill level 4 in Axes
   342 | D:1      | Reached XP level 2. HP: 9/26 MP: 1/1
   886 | D:1      | Reached skill level 5 in Axes
  1006 | D:1      | Reached XP level 3. HP: 20/31 MP: 2/2
  1491 | D:2      | Found an opulent altar of Gozag.
  1885 | D:2      | Found a broken altar of Ashenzari.
  2064 | D:2      | Found a snail-covered altar of Cheibriados.
  2180 | D:2      | Found a sacrificial altar of Ru.
  2497 | D:3      | Reached skill level 6 in Axes
  2497 | D:3      | Reached XP level 4. HP: 24/39 MP: 3/3
  2530 | D:3      | Reached ** piety under Trog
  3918 | D:4      | Reached skill level 7 in Axes
  3918 | D:4      | Reached XP level 5. HP: 17/45 MP: 4/4
  4243 | D:4      | Reached skill level 8 in Axes
  4252 | D:4      | HP: 2/45 [poisoned by a scorpion]
  5039 | D:4      | Found an ancient bone altar of Kikubaaqudgha.
  5200 | D:4      | Noticed a phantom
  5229 | D:4      | HP: 2/45 [phantom (9)]
  5722 | D:4      | Killed a phantom
  5723 | D:4      | Reached XP level 6. HP: 32/51 MP: 5/5
  6060 | D:4      | Reached skill level 9 in Axes
  6101 | D:4      | Noticed Natasha
  6107 | D:4      | Killed Natasha
  6378 | D:4      | Noticed Natasha
  6386 | D:4      | Killed Natasha
  6408 | D:4      | Noticed Natasha
  6414 | D:4      | Killed Natasha
  6757 | D:4      | Found an ancient bone altar of Kikubaaqudgha.
  6975 | D:5      | Entered Level 5 of the Dungeon
  7090 | D:5      | Reached XP level 7. HP: 48/57 MP: 6/6
  7193 | D:5      | Found a radiant altar of Vehumet.
  7230 | D:5      | HP: 1/57 [white imp (5)]
  7231 | D:5      | Slain by a white imp

Illustrated notes

Levels and vault maps discovered:
D:1:      scummos_arrival_forest, layout_loops_cross
D:2:      layout_basic, nicolae_ru_sacrificial_ziggurat,
          nicolae_gozag_cash_rules_everything_around_me,
          ashenzari_conservatory_becter, general_overflow_altar
D:3:      layout_basic
D:4:      layout_basic, kennysheep_mini_moat, minmay_tree_intersection,
          uniq_natasha
D:5:      layout_basic, marbit_many_paths, vehumet_statue,
          minmay_temple_entry_stoned_glass

Skill      XL: |  1  2  3  4  5  6 |
---------------+-------------------+-----
Axes           | 4 5 6 7 8 9 |  9.9
Fighting       | |  3.6
Armour         | |  2.4
Dodging        | |  2.1

Action                   |  1- 3 |  4- 6 |  7- 9 || total
-------------------------+-------+-------+-------++-------
Melee: Hand axe          |    80 |   130 |    13 ||   223
       Headbutt          |    12 |    23 |     2 ||    37
Invok: Berserk           |     1 |     2 |     2 ||     5
Armor: Skin              |       |     1 |       ||     1
Dodge: Dodged            |    51 |    49 |     3 ||   103
